PUB
SAN FRANCISCO MEATBALLS @ REDWOOD PIONEERS
04/07/1972
 
TOP OF THE 1ST
San Francisco Meatballs batting - Pitching for Redwood Pioneers : RHP Ted Gilmore
Pitching: RHP Ted Gilmore
Batting: LHB José Otero 0-0: Called Strike
0-1: Ball
1-1: Ball
2-1: Called Strike
2-2: Ball
3-2: Hit by Pitch
Batting: SHB Daniel Taylor 0-0: Ball
1-0: Called Strike
José Otero steals 2nd base (no throw)
1-1: Ball
2-1: Ground out 6-3 (Groundball, 6MS, EV 66.3 MPH)
José Otero to third
Batting: LHB Jonathan Norton 0-0: Called Strike
0-1: Ball
1-1: Ball
2-1: Foul Ball, location: 3FF
2-2: Ball
3-2: Base on Balls
Batting: LHB Jorge López 0-0: Ball
1-0: Foul Ball, location: 2F
1-1: Swinging Strike
1-2: Strikes out swinging
Batting: SHB Munenori Sato 0-0: Foul Ball, location: 3F
0-1: Ball
1-1: Ball
2-1: 3-RUN HOME RUN (Flyball, 89XD, EV 101.9 MPH), Distance : 401 ft
Batting: LHB Larry Richardson 0-0: Ground out U3 (Groundball, 3S, EV 63.8 MPH)
Top of the 1st over - 3 runs, 1 hit, 0 errors, 0 left on base; San Francisco 3 - Redwood 0
BOTTOM OF THE 1ST
Redwood Pioneers batting - Pitching for San Francisco Meatballs : RHP Gene Bishop
Pitching: RHP Gene Bishop
Batting: LHB Danny Meehan 0-0: Called Strike
0-1: Ball
1-1: Foul Ball, location: 5F
1-2: Ball
2-2: Ball
3-2: Fly out, F9 (Flyball, 9, EV 91.9 MPH)
Batting: RHB Alfredo Nannini 0-0: DOUBLE (Line Drive, 7LM, EV 86.9 MPH)
Batting: LHB Jerry Gregory 0-0: Foul Ball, location: 3FF
0-1: Swinging Strike
0-2: DOUBLE (Groundball, 3L, EV 104.4 MPH)
Alfredo Nannini scores
Batting: RHB José Moya 0-0: Ball
1-0: Foul Ball, location: 2F
1-1: Ball
2-1: Fly out, F9 (Flyball, 9, EV 92.5 MPH)
Batting: LHB Howard York 0-0: Ball
1-0: Foul Ball, location: 3SF
1-1: Foul Ball, location: 23F
1-2: Ball
2-2: Ball
Wild Pitch!
Jerry Gregory to third
3-2: Strikes out swinging
Bottom of the 1st over - 1 run, 2 hits, 0 errors, 1 left on base; San Francisco 3 - Redwood 1
TOP OF THE 2ND
San Francisco Meatballs batting - Pitching for Redwood Pioneers : RHP Ted Gilmore
Batting: LHB Johnny Edwards 0-0: Bunt missed!
0-1: Ball
1-1: Ball
2-1: Ball
3-1: Foul Ball, location: 7LDF
3-2: Base on Balls
Batting: RHB Dave Concepcion 0-0: Ball
1-0: Ball
Wild Pitch!
Johnny Edwards to second
2-0: Ball
3-0: Called Strike
3-1: Ground out 5-3 (Groundball, 56, EV 85.6 MPH)
Batting: SHB Gene Bishop 0-0: Called Strike
0-1: Foul Ball, location: 25F
0-2: Foul Ball, location: 2F
0-2: Strikes out swinging
Batting: LHB José Otero 0-0: Ball
1-0: Ball
2-0: Ball
3-0: Called Strike
3-1: TRIPLE (Flyball, 78XD, EV 103.8 MPH)
Johnny Edwards scores
Batting: SHB Daniel Taylor 0-0: Called Strike
0-1: Swinging Strike
0-2: Foul Ball, location: 7LMF
0-2: Strikes out looking
Top of the 2nd over - 1 run, 1 hit, 0 errors, 1 left on base; San Francisco 4 - Redwood 1
BOTTOM OF THE 2ND
Redwood Pioneers batting - Pitching for San Francisco Meatballs : RHP Gene Bishop
Batting: RHB Elliott Maddox 0-0: Ball
1-0: Fly out, F4 (Line Drive, 4M, EV 94.4 MPH)
Batting: LHB Bobby Murcer 0-0: Called Strike
0-1: Foul Ball, location: 9LDF
0-2: Foul Ball, location: 23FF
0-2: Foul Ball, location: 2F
0-2: Foul Ball, location: 5SF
0-2: Foul Ball, location: 7LDF
0-2: TRIPLE (Line Drive, 8LXD, EV 105.0 MPH)
Batting: RHB Bob Sanderson 0-0: Ball
1-0: Swinging Strike
1-1: Ball
2-1: Swinging Strike
2-2: Strikes out swinging
Batting: RHB Ted Gilmore 0-0: Ball
1-0: SINGLE (Line Drive, 6MD, EV 99.4 MPH)
Bobby Murcer scores
Batting: LHB Danny Meehan 0-0: Called Strike
0-1: Swinging Strike
0-2: Ball
1-2: Strikes out swinging
Bottom of the 2nd over - 1 run, 2 hits, 0 errors, 1 left on base; San Francisco 4 - Redwood 2
TOP OF THE 3RD
San Francisco Meatballs batting - Pitching for Redwood Pioneers : RHP Ted Gilmore
Batting: LHB Jonathan Norton 0-0: Ball
1-0: Called Strike
1-1: Foul Ball, location: 7LDF
1-2: Strikes out looking
Batting: LHB Jorge López 0-0: Called Strike
0-1: Ball
1-1: Foul Ball, location: 3F
1-2: Fly out, F9 (Flyball, 89S, EV 88.8 MPH)
Batting: SHB Munenori Sato 0-0: Swinging Strike
0-1: Foul Ball, location: 3F
0-2: DOUBLE (Line Drive, 7LM, EV 96.9 MPH)
Batting: LHB Larry Richardson 0-0: Called Strike
0-1: Foul Ball, location: 7LSF
0-2: Foul Ball, location: 3SF
0-2: Strikes out swinging
Top of the 3rd over - 0 runs, 1 hit, 0 errors, 1 left on base; San Francisco 4 - Redwood 2
BOTTOM OF THE 3RD
Redwood Pioneers batting - Pitching for San Francisco Meatballs : RHP Gene Bishop
Batting: RHB Alfredo Nannini 0-0: Swinging Strike
0-1: Ball
1-1: Foul Ball, location: 5FF
1-2: Foul Ball, location: 7LSF
1-2: Ball
2-2: Ball
3-2: Base on Balls
Batting: LHB Jerry Gregory 0-0: Ball
1-0: Ball
Alfredo Nannini is caught stealing 2nd base 2-6
2-0: Foul Ball, location: 2F
2-1: Foul Ball, location: 2F
2-2: SINGLE (Line Drive, 8LS, EV 95.6 MPH)
Batting: RHB José Moya 0-0: Swinging Strike
0-1: Foul Ball, location: 2F
0-2: Ball
1-2: Fly out, F9 (Flyball, 9LM, EV 93.1 MPH)
Batting: LHB Howard York 0-0: Fly out, F4 (Flyball, 4MD, EV 91.9 MPH)
Bottom of the 3rd over - 0 runs, 1 hit, 0 errors, 1 left on base; San Francisco 4 - Redwood 2
TOP OF THE 4TH
San Francisco Meatballs batting - Pitching for Redwood Pioneers : RHP Ted Gilmore
Batting: LHB Johnny Edwards 0-0: Called Strike
0-1: Ground out U3 (Groundball, 34S, EV 68.8 MPH)
Batting: RHB Dave Concepcion 0-0: Called Strike
0-1: Ball
1-1: Ball
2-1: Foul Ball, location: 5FF
2-2: Foul Ball, location: 25F
2-2: DOUBLE (Line Drive, 7LM, EV 93.1 MPH)
Batting: SHB Gene Bishop 0-0: Called Strike
Dave Concepcion steals 3rd base
0-1: Swinging Strike
0-2: Ball
1-2: Strikes out swinging
Batting: LHB José Otero 0-0: Foul Ball, location: 3DF
0-1: Called Strike
0-2: Foul Ball, location: 7LDF
0-2: Ball
1-2: Foul Ball, location: 9LMF
1-2: Ball
2-2: Ground out 6-3 (Groundball, 56D, EV 94.4 MPH)
Top of the 4th over - 0 runs, 1 hit, 0 errors, 1 left on base; San Francisco 4 - Redwood 2
BOTTOM OF THE 4TH
Redwood Pioneers batting - Pitching for San Francisco Meatballs : RHP Gene Bishop
Batting: RHB Elliott Maddox 0-0: Foul Ball, location: 2F
0-1: Swinging Strike
0-2: Ball
1-2: Strikes out swinging
Batting: LHB Bobby Murcer 0-0: Ball
1-0: Called Strike
1-1: Foul Ball, location: 2F
1-2: Foul Ball, location: 25F
1-2: Foul Ball, location: 2F
1-2: Ball
2-2: SINGLE (Line Drive, 5D, EV 94.4 MPH)
Batting: RHB Bob Sanderson 0-0: Called Strike
0-1: Ball
1-1: Fielders Choice at 2nd, 1-4 (Groundball, 15S, EV 71.9 MPH)
Batting: RHB Ted Gilmore 0-0: Ball
1-0: Foul Ball, location: 25FF
1-1: Ball
2-1: DOUBLE (Line Drive, 78M, EV 100.6 MPH)
Bob Sanderson to third
Runner from 3rd tries for Home, SAFE, throw by LF to trailing runner, OUT at third! 7-3-5
Bottom of the 4th over - 1 run, 2 hits, 0 errors, 0 left on base; San Francisco 4 - Redwood 3
TOP OF THE 5TH
San Francisco Meatballs batting - Pitching for Redwood Pioneers : RHP Ted Gilmore
Batting: SHB Daniel Taylor 0-0: Ball
1-0: Ball
2-0: Foul Ball, location: 2F
2-1: SINGLE (Groundball, 6MD, EV 100.0 MPH)
Batting: LHB Jonathan Norton 0-0: Called Strike
Daniel Taylor steals 2nd base
0-1: Ball
1-1: Called Strike
1-2: DOUBLE (Flyball, 8LXD, EV 94.4 MPH)
Daniel Taylor scores
Batting: LHB Jorge López 0-0: Called Strike
0-1: Ball
1-1: Ball
2-1: Foul Ball, location: 3F
2-2: Ball
3-2: Strikes out looking
Batting: SHB Munenori Sato 0-0: Fly out, F8 (Flyball, 8LM, EV 83.8 MPH)
Pitching: RHP Hiroya Kimura
Batting: LHB Larry Richardson 0-0: Ball
1-0: Swinging Strike
1-1: Ball
2-1: Foul Ball, location: 23F
2-2: Foul Ball, location: 2F
2-2: Ball
3-2: Foul Ball, location: 2F
3-2: Strikes out swinging
Top of the 5th over - 1 run, 2 hits, 0 errors, 1 left on base; San Francisco 5 - Redwood 3
BOTTOM OF THE 5TH
Redwood Pioneers batting - Pitching for San Francisco Meatballs : RHP Gene Bishop
Batting: LHB Danny Meehan 0-0: Ball
1-0: Called Strike
1-1: Called Strike
1-2: Ball
2-2: Ball
3-2: Base on Balls
Batting: RHB Alfredo Nannini 0-0: Called Strike
0-1: Swinging Strike
0-2: Strikes out looking
Batting: LHB Jerry Gregory 0-0: Ball
1-0: Ball
2-0: Foul Ball, location: 5SF
2-1: Ball
3-1: Base on Balls
Danny Meehan to second
Batting: RHB José Moya 0-0: TRIPLE (Flyball, 9LD, EV 107.5 MPH)
Danny Meehan scores
Jerry Gregory scores
Batting: LHB Howard York 0-0: Intentional Walk
Pitching: RHP Alexis Hendricks
Now at 3B: Dale Sledge
Batting: RHB Elliott Maddox 0-0: Ball
1-0: Foul Ball, location: 9LDF
1-1: Ball
Passed Ball!
José Moya scores
Howard York to second
2-1: Foul Ball, location: 2F
2-2: Foul Ball, location: 2F
2-2: Ball
3-2: Ground out 4-3 (Groundball, 4, EV 89.4 MPH)
Howard York to third
Batting: LHB Bobby Murcer 0-0: Intentional Walk
Batting: RHB Bob Sanderson 0-0: Called Strike
0-1: Ball
1-1: Foul Ball, location: 3F
1-2: Ball
2-2: Foul Ball, location: 2F
2-2: Foul Ball, location: 7LDF
2-2: Ball
3-2: Foul Ball, location: 7LMFF
3-2: Base on Balls
Bobby Murcer to second
Pinch Hitting: RHB Joe Givens 0-0: Ball
1-0: Called Strike
1-1: Called Strike
1-2: Strikes out swinging
Bottom of the 5th over - 3 runs, 1 hit, 0 errors, 3 left on base; San Francisco 5 - Redwood 6
TOP OF THE 6TH
San Francisco Meatballs batting - Pitching for Redwood Pioneers : RHP Hiroya Kimura
Pitching: LHP Mersik Kozorovitsky
Batting: LHB Johnny Edwards 0-0: Ball
1-0: Ball
2-0: Ball
3-0: Called Strike
3-1: Ground out 5-3 (Groundball, 56, EV 89.4 MPH)
Batting: RHB Dave Concepcion 0-0: Fly out, F6 (Line Drive, 6, EV 71.9 MPH)
Batting: RHB Dale Sledge 0-0: Swinging Strike
0-1: Swinging Strike
0-2: Ball
1-2: Foul Ball, location: 2F
1-2: Fly out, F8 (Flyball, 89XD, EV 73.1 MPH)
Top of the 6th over - 0 runs, 0 hits, 0 errors, 0 left on base; San Francisco 5 - Redwood 6
BOTTOM OF THE 6TH
Redwood Pioneers batting - Pitching for San Francisco Meatballs : RHP Alexis Hendricks
Batting: LHB Danny Meehan 0-0: Ball
1-0: Ball
2-0: Called Strike
2-1: Foul Ball, location: 7LSF
2-2: Fly out, F9 (Flyball, 9, EV 96.9 MPH)
Batting: RHB Alfredo Nannini 0-0: Foul Ball, location: 23FF
0-1: Swinging Strike
0-2: Ground out 6-3 (Groundball, 6, EV 90.0 MPH)
Batting: LHB Jerry Gregory 0-0: Called Strike
0-1: Fly out, F3 (Line Drive, 3L, EV 63.1 MPH)
Bottom of the 6th over - 0 runs, 0 hits, 0 errors, 0 left on base; San Francisco 5 - Redwood 6
TOP OF THE 7TH
San Francisco Meatballs batting - Pitching for Redwood Pioneers : LHP Mersik Kozorovitsky
Pitching: RHP Chandler Davis
Now at C: Cliff King
Batting: LHB José Otero 0-0: Ground out 3-1 (Groundball, 34, EV 78.1 MPH)
Batting: SHB Daniel Taylor 0-0: Called Strike
0-1: Foul Ball, location: 5DF
0-2: Ball
1-2: Strikes out swinging
Batting: LHB Jonathan Norton 0-0: Ball
1-0: Ball
2-0: Ball
3-0: Called Strike
3-1: Foul Ball, location: 7LMF
3-2: Strikes out swinging
Top of the 7th over - 0 runs, 0 hits, 0 errors, 0 left on base; San Francisco 5 - Redwood 6
BOTTOM OF THE 7TH
Redwood Pioneers batting - Pitching for San Francisco Meatballs : RHP Alexis Hendricks
Batting: RHB José Moya 0-0: Called Strike
0-1: Called Strike
0-2: Foul Ball, location: 3DF
0-2: SINGLE (Groundball, 23, EV 67.5 MPH) (infield hit)
Batting: LHB Howard York 0-0: Ball
1-0: Swinging Strike
1-1: Swinging Strike
1-2: Ball
Wild Pitch!
José Moya to second
2-2: Ball
3-2: Intentional Walk
Batting: RHB Elliott Maddox 0-0: Called Strike
0-1: Called Strike
0-2: Strikes out swinging
Batting: LHB Bobby Murcer 0-0: Ball
1-0: Swinging Strike
1-1: Ball
2-1: Ball
3-1: Base on Balls
José Moya to third
Howard York to second
Batting: RHB Bob Sanderson 0-0: Ball
1-0: Ball
2-0: Called Strike
2-1: SINGLE (Line Drive, 6MD, EV 93.8 MPH)
José Moya scores
Howard York to third
Bobby Murcer to second
Pitching: LHP Ray Sadecki
Batting: SHB Cliff King 0-0: Ball
1-0: Called Strike
1-1: Fly out, F8 (Flyball, 78M, EV 94.4 MPH)
Runner from 3rd tags up, SCORES, throw by CF
Batting: RHB Chandler Davis 0-0: Called Strike
0-1: Foul Ball, location: 9LDF
0-2: Fielders Choice at 2nd, 6-4 (Groundball, 6, EV 88.8 MPH)
Bottom of the 7th over - 2 runs, 2 hits, 0 errors, 2 left on base; San Francisco 5 - Redwood 8
TOP OF THE 8TH
San Francisco Meatballs batting - Pitching for Redwood Pioneers : RHP Chandler Davis
Batting: LHB Jorge López 0-0: Ball
1-0: Called Strike
1-1: Called Strike
1-2: Fly out, F8 (Flyball, 8RD, EV 79.4 MPH)
Batting: SHB Munenori Sato 0-0: Ball
1-0: Foul Ball, location: 7LSF
1-1: Foul Ball, location: 2LF
1-2: Strikes out looking
Pinch Hitting: SHB Nathan McClain 0-0: Called Strike
0-1: Foul Ball, location: 7LMF
0-2: Strikes out swinging
Top of the 8th over - 0 runs, 0 hits, 0 errors, 0 left on base; San Francisco 5 - Redwood 8
BOTTOM OF THE 8TH
Redwood Pioneers batting - Pitching for San Francisco Meatballs : LHP Ray Sadecki
Pitching: RHP Cipriano Valdés
Batting: RHB Alfredo Nannini 0-0: Called Strike
0-1: Called Strike
0-2: Foul Ball, location: 2F
0-2: Fly out, F8 (Flyball, 8LXD, EV 99.4 MPH)
Batting: LHB Jerry Gregory 0-0: Ball
1-0: Ball
2-0: Foul Ball, location: 5FF
2-1: Ball
3-1: Called Strike
3-2: Strikes out swinging
Batting: RHB José Moya 0-0: Swinging Strike
0-1: Foul Ball, location: 9LDF
0-2: Ground out 6-3 (Groundball, 6, EV 83.8 MPH)
Bottom of the 8th over - 0 runs, 0 hits, 0 errors, 0 left on base; San Francisco 5 - Redwood 8
TOP OF THE 9TH
San Francisco Meatballs batting - Pitching for Redwood Pioneers : RHP Chandler Davis
Batting: LHB Johnny Edwards 0-0: Foul Ball, location: 9LMFF
0-1: Ball
1-1: SINGLE (Line Drive, 8LS, EV 93.8 MPH)
Batting: RHB Dave Concepcion 0-0: Called Strike
0-1: Ball
1-1: SINGLE (Groundball, 6MD, EV 101.3 MPH)
Johnny Edwards to second
Pinch Hitting: RHB Terry Williams 0-0: Called Strike
0-1: Called Strike
0-2: Ball
1-2: Foul Ball, location: 2F
1-2: Strikes out swinging
Batting: LHB José Otero 0-0: Called Strike
0-1: Called Strike
0-2: Foul Ball, location: 23F
0-2: Ball
1-2: Ball
2-2: Strikes out swinging
Pitching: RHP Alberto Gonzáles
Batting: SHB Daniel Taylor 0-0: Called Strike
0-1: Called Strike
0-2: Ball
1-2: Strikes out swinging
Top of the 9th over - 0 runs, 2 hits, 0 errors, 2 left on base; San Francisco 5 - Redwood 8
Thursday, February 22nd , 2024 - OOTP Baseball 24.8 Build 75